 Dungeon Crawl Stone Soup version 0.20.1-1-g8b1a95d (webtiles) character file.

861 Lanoc the Covert (level 7, -2/46 HPs)
             Began as a Vampire Enchanter on Dec 12, 2017.
             Slain by an ogre
             ... wielding a +0 giant club
              (17 damage)
             ... on level 5 of the Dungeon.
             The game lasted 00:23:47 (5663 turns).

Lanoc the Covert (Vampire Enchanter)                Turns: 5663, Time: 00:23:48

Health: -2/46      AC: 12    Str:  7    XL:     7   Next: 71%
Magic:  8/12       EV: 14    Int: 13    God:
Gold:   212        SH:  0    Dex: 17    Spells: 5/13 levels left

rFire    . . .     SeeInvis +   s - +1 hand axe "Ivve" {protect, rC+ MR+ Int+2} (curse)
rCold    + . .     Gourm    .   (no shield)
rNeg     + . .     Faith    .   b - +0 robe
rPois    .         Spirit   .   j - +1 helmet
rElec    .         Reflect  .   (no cloak)
rCorr    .         Harm     .   q - +0 pair of gloves
MR       +....                  (no boots)
Stlth    ++++......             (no amulet)
Regen    0.4/turn               o - ring of positive energy
MPRegen  0.2/turn               k - -6 ring of intelligence (curse)

@: protection aura, regenerating quickly
A: fangs 3, see invisible, unbreathing
a: no special abilities


You were on level 5 of the Dungeon.
You were very full.

You visited 1 branch of the dungeon, and saw 5 of its levels.

You collected 212 gold pieces.

Inventory:

Hand Weapons
 a - a +2 dagger
 s - the cursed +1 hand axe "Ivve" (weapon) {protect, rC+ MR+ Int+2}
   (You found it on level 5 of the Dungeon)

   It protects the one who uses it against injury (+AC on strike).
   It affects your intelligence (+2).
   It protects you from cold.
   It affects your resistance to hostile enchantments.
   It has a curse placed upon it.
Armour
 b - a +0 robe (worn)
 j - a +1 helmet (worn)
 q - a +0 pair of gloves (worn)
Jewellery
 i - a +4 ring of evasion
 k - a cursed -6 ring of intelligence (right hand)
 m - an uncursed ring of magical power
 o - a ring of positive energy (left hand)
Wands
 n - a wand of random effects (38/48)
 t - a wand of flame (27/48)
Scrolls
 d - 2 scrolls of amnesia
 f - a scroll of identify
 l - a scroll of recharging
 p - a scroll of enchant armour
 r - a scroll of teleportation
Potions
 g - 2 potions of blood
 h - a potion of flight
 u - 2 potions of curing
 v - a potion of agility
Books
 c - a book of Maledictions

   Spells                             Type                      Level
   a - Corona                         Hexes                        1
   b - Ensorcelled Hibernation        Hexes/Ice                    2
   c - Confuse                        Hexes                        3
   d - Tukima's Dance                 Hexes                        3
   e - Dazzling Spray                 Conjuration/Hexes            3


   Skills:
 + Level 3.6 Short Blades
 + Level 4.1 Dodging
 * Level 8.5 Stealth
 + Level 3.7 Spellcasting
 * Level 7.9 Hexes


You had 5 spell levels left.
You knew the following spells:

 Your Spells              Type           Power        Failure   Level  Hunger
a - Dazzling Spray        Conj/Hex       ##....       13%         3    ###....
b - Ensorcelled Hibernat  Hex/Ice        ##....       6%          2    ##.....
c - Tukima's Dance        Hex            ###.....     2%          3    ###....


Dungeon Overview and Level Annotations

Branches:
Dungeon (5/15)
 Temple: D:4-7

Altars:
Fedhas
Kikubaaqudgha
Sif Muna
Trog
Zin
The Shining One

Shops:
D:4 =

Annotations:
D:3 Sayu92's ghost, amateur GrFi


Innate Abilities, Weirdness & Mutations

Your natural rate of healing is unusually fast.
You have razor-sharp teeth.
You have supernaturally acute eyesight. (SInv)
You can survive without breathing.


Message History

The ogre is heavily wounded.
The ogre hits you with a giant club.
You barely miss the ogre.
The ogre is heavily wounded.
The ogre misses you.
The crimson imp blinks!
You hit the ogre but do no damage.
The ogre is heavily wounded.
The ogre barely misses you.
The crimson imp blinks!
You hit the ogre. You bite the ogre.
The ogre is severely wounded.
The crimson imp grins evilly.
The ogre hits you with a giant club!!
You closely miss the ogre.
The ogre is severely wounded.
You closely miss the crimson imp. The ogre hits you with a giant club!
The crimson imp barely misses you.
You hit the ogre.
The ogre is almost dead.
You closely miss the crimson imp. The ogre hits you with a giant club!
You die...

*****,**** ##*
*********,* *####.##
*,,,,,,**,* *
#,.....##*,****,**,* *
#.#.....##,****,**,** *
#........,,,,,*,*,,,***
#.#.....#*,**,*,,,,,,**
#....5O.#*,**,*,*,,,***
#.....@.#*,##.#,**,***,
##.##.#.##.....,,,,,,,,
*,*#.......#*****,***,
*,*###.###.# ##+##** *,*
#.# *.# ##...##
#.####.##*.# ##.....##
#.......##.###.......#
######.รทยง#.##.........
#.................


You could see an ogre and a crimson imp.

Vanquished Creatures
  Sigmund (D:2)
  3 ogres (D:4)
  A scorpion (D:5)
  A howler monkey (D:4)
  A hound (D:4)
  An orc priest (D:4)
  A centaur skeleton (D:4)
  Terence (D:2)
  An orc wizard (D:4)
  3 worker ants (D:4)
  3 gnolls
  3 adders
  An ooze (D:1)
  4 worms (D:2)
  2 dart slugs
  6 leopard geckos
  5 orcs
  8 bats
  7 giant cockroaches
  11 hobgoblins
  6 jackals
  9 kobolds
  2 ball pythons
  3 frilled lizards
  2 goblins
  2 rats
88 creatures vanquished.

Notes
Turn   | Place    | Note
-------+----------+-------------------------------------------
     0 | D:1      | Lanoc the Vampire Enchanter began the quest for the Orb.
     0 | D:1      | Reached XP level 1. HP: 13/13 MP: 3/3
   444 | D:1      | Reached XP level 2. HP: 9/19 MP: 5/5
   464 | D:1      | Learned a level 2 spell: Ensorcelled Hibernation
  1214 | D:1      | Reached skill level 5 in Stealth
  1300 | D:2      | Reached XP level 3. HP: 24/24 MP: 6/6
  1341 | D:2      | Noticed Terence
  1745 | D:2      | HP: 1/24 [worm (9)]
  2153 | D:2      | Reached skill level 5 in Hexes
  2321 | D:2      | Reached XP level 4. HP: 23/30 MP: 2/7
  2442 | D:2      | Killed Terence
  2495 | D:2      | Found a blossoming altar of Fedhas.
  2503 | D:2      | Noticed Sigmund
  2998 | D:2      | Killed Sigmund
  2998 | D:2      | Reached skill level 6 in Stealth
  2998 | D:2      | Reached XP level 5. HP: 35/35 MP: 5/9
  3151 | D:3      | Reached XP level 6. HP: 41/41 MP: 10/10
  3186 | D:3      | Noticed Sayu92's ghost (amateur GrFi)
  3215 | D:3      | Found a glowing silver altar of Zin.
  3846 | D:4      | Reached skill level 7 in Stealth
  4006 | D:4      | Learned a level 3 spell: Dazzling Spray
  4010 | D:4      | Learned a level 3 spell: Tukima's Dance
  4016 | D:4      | Reached XP level 7. HP: 46/46 MP: 6/12
  4063 | D:4      | Found Irisekof's Jewellery Shoppe.
  4321 | D:4      | Reached skill level 8 in Stealth
  4586 | D:4      | Found a glowing golden altar of the Shining One.
  4760 | D:4      | Found a deep blue altar of Sif Muna.
  4977 | D:5      | Entered Level 5 of the Dungeon
  4982 | D:5      | Found an ancient bone altar of Kikubaaqudgha.
  5075 | D:5      | Got a twisted hand axe
  5076 | D:5      | Identified the cursed +1 hand axe "Ivve" {protect, rC+ MR+ Int+2} (You found it on level 5 of the Dungeon)
  5516 | D:5      | Found a bloodstained altar of Trog.
  5663 | D:5      | Slain by an ogre

Skill      XL: |  1  2  3  4  5  6  7 |
---------------+----------------------+-----
Stealth        | 5 6 7 8 |  8.5
Short Blades   | 2 3 |  3.6
Hexes          | 5 6 7 |  7.9
Dodging        | 3 4 |  4.1
Spellcasting   | 3 |  3.7

Action                   |  1- 3 |  4- 6 |  7- 9 || total
-------------------------+-------+-------+-------++-------
Melee: Dagger            |   193 |   129 |    56 ||   378
       Bite              |    17 |     9 |    28 ||    54
       Hand axe          |       |       |   259 ||   259
 Cast: Ensorcelled Hiber |    12 |    19 |    21 ||    52
       Dazzling Spray    |       |       |     3 ||     3
  Use: Scroll            |     6 |     7 |     4 ||    17
       Potion            |     8 |     1 |    15 ||    24
 Stab: Sleeping          |    10 |    23 |    13 ||    46
       Invisible         |       |       |     1 ||     1
Armor: Robe              |    26 |    43 |   114 ||   183
Dodge: Dodged            |   149 |   114 |   251 ||   514
